 Dungeon Crawl Stone Soup version 0.30-a0-586-g23e55c9e0a (webtiles) character file.

Game seed: 8912310244925789401

63 Dartaoz the Shooter (level 3, -5/31 HPs)
             Began as a Minotaur Hunter on Jan 3, 2023.
             Slain by Terence
             ... wielding a +0 hand axe
              (7 damage)
             ... on level 2 of the Dungeon.
             The game lasted 00:04:40 (1092 turns).

Dartaoz the Shooter (Minotaur Hunter)               Turns: 1092, Time: 00:04:41

Health: -5/31      AC:  4    Str: 15    XL:     3   Next: 87%
Magic:  2/2        EV: 12    Int:  6    God:
Gold:   31         SH:  0    Dex: 15    Spells: 2/2 levels left

rFire   . . .      SeeInvis .    a - +0 shortbow
rCold   . . .      Faith    .    (shield currently unavailable)
rNeg    . . .      Spirit   .    c - +0 leather armour
rPois   .          Reflect  .    (helmet restricted)
rElec   .          Harm     .    (no cloak)
rCorr   .          Rampage  .    k - +0 pair of gloves
Will    .....                    (no boots)
Stlth   ++                       (no amulet)
HPRegen 0.25/turn                (no ring)
MPRegen 0.08/turn                (no ring)

@: no status effects
A: horns 2, retaliatory headbutt
a: no special abilities


You were on level 2 of the Dungeon.
You visited 1 branch of the dungeon, and saw 2 of its levels.

You collected 31 gold pieces.

Inventory:

Hand Weapons
 a - a +0 shortbow (weapon)
 i - a +1 sling of freezing
Armour
 c - a +0 leather armour (worn)
 k - a +0 pair of gloves (worn)
Scrolls
 b - a scroll of immolation
 d - 2 scrolls of identify {unknown}
 e - a scroll of vulnerability {unknown}
 f - a scroll of poison {unknown}
 g - a scroll of acquirement {unknown}
 h - a scroll of noise {unknown}
 l - a scroll of blinking {unknown}
 m - a scroll of brand weapon {unknown}
 n - a scroll of fog {unknown}
Potions
 j - 3 potions of might
 o - a potion of haste {unknown}
 p - a potion of ambrosia {unknown}
 q - a potion of degeneration {unknown}


   Skills:
 + Level 3.1 Fighting
 + Level 4.8 Ranged Weapons
 + Level 1.6 Armour
 + Level 2.8 Dodging
 + Level 1.5 Stealth


You had 2 spell levels left.
You didn't know any spells.
Your spell library was empty.

Dungeon Overview and Level Annotations

Branches:
Dungeon (2/15)

Altars:

Shops:
D:2 [

Annotations:
D:2 Terence


Innate Abilities, Weirdness & Mutations

You have a pair of horns on your head.
You reflexively headbutt those who attack you in melee.


Message History

Terence is lightly wounded.
Terence hits you with a +0 hand axe!
You are too injured to fight recklessly!
You are too injured to fight recklessly!
You shoot an arrow. The arrow closely misses Terence.
Terence hits you with a +0 hand axe. x2
Terence attacks as you move away! Terence misses you.
Terence attacks as you move away! Terence misses you.
You are too injured to fight recklessly!
You shoot an arrow.
The arrow hits Terence but does no damage.
Terence is lightly wounded.
Terence hits you with a +0 hand axe.
* * * LOW HITPOINT WARNING * * *
You shoot an arrow. The arrow hits Terence!
Terence is severely wounded.
Terence hits you but does no damage.
You shoot an arrow.
The arrow hits Terence but does no damage.
Terence is severely wounded.
Terence misses you.
You shoot an arrow.
The arrow hits Terence but does no damage.
Terence is severely wounded.
Terence hits you with a +0 hand axe.
* * * LOW HITPOINT WARNING * * *
Terence hits you with a +0 hand axe.
* * * LOW HITPOINT WARNING * * *
You shoot an arrow.
The arrow hits Terence but does no damage.
Terence is severely wounded.
Terence hits you but does no damage.
You shoot an arrow.
The arrow hits Terence but does no damage.
Terence is severely wounded.
Terence hits you with a +0 hand axe.
* * * LOW HITPOINT WARNING * * *
You shoot an arrow. The arrow closely misses Terence.
Terence hits you with a +0 hand axe!
You die...

..# ######.## .
... ##...## ..
... ####.....#
... ..
#........# ..###
#.##.....# ...
#.###...##
#.##.##### #.#
##### #$.......#
#.#
####.###.#####@#
#. #.....@.# ..
######### ###


You could see Terence.

Vanquished Creatures
  Natasha (D:2)
  An adder (D:2)
  A dart slug (D:1)
  3 bats
  3 endoplasms
  A giant cockroach (D:1)
  4 goblins
  2 kobolds (D:1)
  3 quokkas
  4 ball pythons (D:1)
  A frilled lizard (D:1)
  A rat (D:1)
25 creatures vanquished.

Notes
Turn   | Place    | Note
-------+----------+-------------------------------------------
     0 | D:1      | Dartaoz the Minotaur Hunter began the quest for the Orb.
     0 | D:1      | Reached XP level 1. HP: 18/18 MP: 0/0
    53 | D:1      | Reached skill level 1 in Stealth
    79 | D:1      | Reached XP level 2. HP: 25/25 MP: 1/1
   141 | D:1      | You fall into a shaft and drop 1 floor!
   387 | D:2      | Found Qutitear's Antique Armour Shoppe.
   535 | D:1      | Reached skill level 1 in Armour
   535 | D:1      | Reached XP level 3. HP: 30/30 MP: 2/2
   959 | D:2      | Noticed Natasha
   985 | D:2      | Killed Natasha
  1068 | D:2      | Noticed Terence
  1091 | D:2      | HP: 1/31 [Terence/+0 hand axe (5)]
  1092 | D:2      | Slain by Terence

Illustrated notes

Levels and vault maps discovered:
D:1:      minmay_arrival_radiant_lines, layout_loops_ring,
          roderic_three_in_a_row
D:2:      layout_loops_cross, basic_altar, serial_shops, shop,
          nicolae_shop_stone, serial_park_tiny_2, minmay_hexomino_f4,
          uniq_terence, uniq_robin, uniq_natasha

Skill      XL: |  1  2  3 |
---------------+----------+-----
Stealth        | 1 |  1.5
Armour         | 1 |  1.6
Fighting       | 3 |  3.1
Ranged Weapons | |  4.8
Dodging        | |  2.8

Action                   || total
-------------------------++-------
 Fire: Shortbow          ||    90
Armor: Leather armour    ||    10
Dodge: Dodged            ||    32

Table legend: (Time is in decaauts)
 A = Elapsed time spent in this place.
 B = Non-inter-level travel time spent in this place.
 C = Inter-level travel time spent in this place.
 D = Time resting spent in this place.
 E = Time spent auto-exploring this place.
 F = Levels seen in this place.
 G = Mean time per level.
                   A        B        C        D        E       F      G
               +--------+--------+--------+--------+--------+-----+--------+
         Total |   1127 |   1127 |      0 |    194 |    712 |   2 |  563.5 |
       Dungeon |   1127 |   1127 |      0 |    194 |    712 |   2 |  563.5 |
               +--------+--------+--------+--------+--------+-----+--------+

Top non-repeatable levels by time:
     D:1: 659 daAuts
     D:2: 467 daAuts
